 Dungeon Crawl Stone Soup version 0.31-a0-188-g5e087ee2ca (webtiles) character file.

Game seed: 3429570094096132308

39 qw the Shooter (level 3, -2/20 HPs)
             Began as a Deep Elf Hunter on June 23, 2023.
             Slain by a black bear (5 damage)
             ... on level 3 of the Dungeon.
             The game lasted 00:00:32 (1577 turns).

qw the Shooter (Deep Elf Hunter)                    Turns: 1577, Time: 00:00:32

Health: -2/20      AC:  5    Str: 10    XL:     3   Next: 26%
Magic:  5/5        EV: 11    Int: 13    God:
Gold:   162        SH:  0    Dex: 18    Spells: 2/2 levels left

rFire   + . .        Y - +1 shortbow
rCold   + . .        (shield currently unavailable)
rNeg    . . .        p - +0 ring mail
rPois   .            (no helmet)
rElec   .            m - scarf {rC+ rF+}
rCorr   .            (no gloves)
SInv    .            (no boots)
Will    .....        (no amulet)
Stlth   +            (no ring)
HPRegen 0.23/turn    (no ring)
MPRegen 0.09/turn

%: no passive effects
@: no status effects
A: no striking features
a: no special abilities


You were on level 3 of the Dungeon.
You visited 1 branch of the dungeon, and saw 3 of its levels.

You collected 162 gold pieces.


   Skills:
 - Level 1.5 Fighting
 + Level 6.8 Ranged Weapons
 - Level 2.4 Dodging
 - Level 1.2 Stealth


You had 2 spell levels left.
You didn't know any spells.
Your spell library was empty.

Inventory:

Hand Weapons
 Y - a +1 shortbow (weapon)
Armour
 m - a scarf of resistance (worn)
 p - a +0 ring mail (worn)
Jewellery
 b - a ring of poison resistance
Scrolls
 c - a scroll of fog {unknown}
 f - a scroll of identify
Potions
 a - a potion of curing
 d - 2 potions of heal wounds
 e - 2 potions of degeneration {unknown}
 l - a potion of enlightenment {unknown}

Dungeon Overview and Level Annotations

Branches:
Dungeon (3/15)

Altars:
Hepliaklqana

Shops:
D:1 (   D:3 :

Annotations:
D:1 1 runed translucent door


Message History

Enter note:
Enter note:
Enter note:
Enter note:
Enter note:
Enter note:
Enter note: You shoot an arrow.
The arrow hits the giant cockroach!
You kill the giant cockroach!
You now have 162 gold pieces (gained 4).
There is a stone staircase leading up here.
A black bear comes into view.
Enter note:
Enter note: You shoot an arrow.
The arrow hits the black bear but does no damage.
You shoot an arrow. The arrow hits the black bear!
The black bear is moderately wounded.
You shoot an arrow.
The arrow completely misses the black bear.
You shoot an arrow. The arrow hits the black bear.
The black bear is moderately wounded.
You shoot an arrow. The arrow hits the black bear.
The black bear is moderately wounded.
You shoot an arrow. The arrow hits the black bear!
The black bear is severely wounded.
You shoot an arrow. The arrow hits the black bear.
The black bear is severely wounded.
The black bear goes berserk!
The black bear completely misses you. The black bear claws you. x2
You shoot an arrow. The arrow hits the black bear.
The black bear is severely wounded.
The black bear bites you. The black bear closely misses you.
The black bear misses you.
You shoot an arrow. The arrow barely misses the black bear.
The black bear closely misses you. The black bear claws you.
The black bear closely misses you. The black bear bites you!
The black bear claws you but does no damage.
The black bear claws you.
You die...

#...#....#..# ..~..~..~~ #
##...#....#..#~~..~..~}. #
.....#.......# ~...~.}~. #
.............# ~~..~..~. #
......#......##~~~..~..~ #
......######..##.~..~...... #
.........(....##..~~........#####
..##..........##h...........#....
####..........#.@................
#.........##........###.......
####.............................
..###........##......####........
....###.#....##.................#
..........#.#####....>...........
............# #................
............#####.............##.
..[.........##...................


You could see a black bear (berserk).

Vanquished Creatures
  2 worms
  2 dart slugs
  A ball python (D:1)
  4 endoplasms
  2 giant cockroaches
  4 hobgoblins
  2 kobolds
  2 quokkas (D:2)
  2 bats (D:1)
  3 frilled lizards
  A goblin (D:1)
  2 rats (D:2)
27 creatures vanquished.

Notes
Turn   | Place    | Note
-------+----------+-------------------------------------------
     0 | D:1      | qw the Deep Elf Hunter began the quest for the Orb.
     0 | D:1      | Reached XP level 1. HP: 12/12 MP: 3/3
     0 | D:1      | 0 ||| qw: Version: 0.3-a-9-g12657ce
     0 | D:1      | 0 ||| qw: Game counter: 3514
     0 | D:1      | 0 ||| qw: Always use a shield: true
     0 | D:1      | 0 ||| qw: God list: Okawaru
     0 | D:1      | 0 ||| qw: Allow faded altars: false
     0 | D:1      | 0 ||| qw: Do Orc after D:15 true
     0 | D:1      | 0 ||| qw: Do second Lair branch before Depths: true
     0 | D:1      | 0 ||| qw: Lair rune preference: random
     0 | D:1      | 0 ||| qw: Plans: Normal
     0 | D:1      | 0 ||| PLANNING D:1-11
     1 | D:1      | Found a runed translucent door.
    68 | D:1      | Found Huresmeh's Weapon Boutique.
    78 | D:1      | 78 ||| SHOPLISTING +1 shortbow of flaming (173 gold, have
                  | 10).
    78 | D:1      | 78 ||| SHOPLISTING +4 heavy sling (345 gold, have 10).
   229 | D:1      | Reached skill level 6 in Ranged Weapons
   229 | D:1      | Reached XP level 2. HP: 16/16 MP: 4/4
   585 | D:1      | 585 ||| UPGRADING to scarf of resistance.
   590 | D:1      | 590 ||| UPGRADING to +0 ring mail.
   600 | D:1      | 600 ||| DROPPING +0 leather armour.
   601 | D:1      | 601 ||| READING scroll labelled AWEED ELODA.
   602 | D:1      | 602 ||| READING 2 scrolls labelled JEOCSO SAOCK.
   603 | D:1      | 603 ||| READING scroll labelled XISI YFESSAUPP.
   604 | D:1      | 604 ||| READING scroll labelled EXKEHICKILUL.
   641 | D:1      | 641 ||| READING scroll labelled WIGEUNWERU.
   642 | D:1      | 642 ||| READING scroll labelled HEHAEQ CUTUTUO.
   643 | D:1      | 643 ||| READING scroll labelled VUEMPIZX IKID.
   644 | D:1      | 644 ||| DRINKING 3 viscous puce potions.
   645 | D:1      | 645 ||| DRINKING 2 golden potions.
   646 | D:1      | 646 ||| DROPPING scroll of butterflies.
   647 | D:1      | 647 ||| DROPPING potion of brilliance.
   793 | D:2      | Found a hazy altar of Hepliaklqana.
  1033 | D:2      | Reached XP level 3. HP: 19/20 MP: 5/5
  1201 | D:2      | 1201 ||| READING scroll labelled MAUJUZX INOERR.
  1202 | D:2      | 1202 ||| DRINKING 2 cyan potions.
  1203 | D:2      | 1203 ||| READING 2 scrolls of identify.
  1203 | D:2      | 1203 ||| IDENTIFYING pink potion
  1204 | D:2      | 1204 ||| DROPPING potion of attraction.
  1334 | D:3      | Found Remaim's Book Emporium.
  1568 | D:3      | Noticed a black bear
  1577 | D:3      | HP: 3/20 [black bear (7)]
  1577 | D:3      | Slain by a black bear

Levels and vault maps discovered:
D:1:      dpeg_arrival_caged_fury, layout_basic, serial_shops, shop,
          grunt_decor_mini_mirrors
D:2:      layout_loops_ring, basic_altar
D:3:      cheibrodos_helix_gallery, layout_basic, serial_shops,
          nicolae_shop_crystal

Skill      XL: |  1 |
---------------+----+-----
Ranged Weapons | 6 |  6.8
Fighting       | |  1.5
Dodging        | |  2.4
Stealth        | |  1.2

Action                     || total
---------------------------++-------
   Fire: Shortbow          ||    79
    Use: Scroll            ||     9
         Potion            ||     3
 Armour: Ring mail         ||     3
         Leather armour    ||     1
  Dodge: Dodged            ||    17

Table legend:
 A = Non-vault XP
 B = Vault XP
 C = Vault XP percentage of total XP
 D = Non-vault monster count
 E = Vault monster count
 F = Vault count percentage of total count
                 A         B        C        D         E       F
            +---------+---------+-------+---------+---------+-------
      Total |      56 |       0 |   0.0 |      27 |       0 |   0.0
            +---------+---------+-------+---------+---------+-------
        D:1 |      18 |       0 |   0.0 |      10 |       0 |   0.0
        D:2 |      26 |       0 |   0.0 |      12 |       0 |   0.0
        D:3 |      12 |       0 |   0.0 |       5 |       0 |   0.0
            +---------+---------+-------+---------+---------+-------
